 Dungeon Crawl Stone Soup version 0.31-a0-210-gccc998df9b (webtiles) character file.

Game seed: 2325555297373927931

197924 jt the Warrior (level 18, -11/106 (109) HPs)
             Began as a Vine Stalker Delver on June 30, 2023.
             Was a High Priest of Ashenzari.
             Killed from afar by a ghostly deep elf sorcerer (22 damage)
             ... with a bolt of acid
             ... on level 3 of the Elven Halls.
             The game lasted 02:00:49 (31365 turns).

jt the Warrior (Vine Stalker Delver)               Turns: 31365, Time: 02:00:50

HP:   -11/106 (109) AC: 28    Str: 15    XL:     18   Next: 87%
MP:   0/28          EV: 10    Int: 24    God:    Ashenzari [*****.]
Gold: 2407          SH: 11    Dex: 16    Spells: 30/45 levels left

rFire   + . .        a - +8 demon whip "Senov" {elec, *Noise rElec Str-4 Int+7}
rCold   + . .        A - +0 buckler "Shattered Discomfort" {Alch, Fort} (curse)
rNeg    + . .        p - +3 chain mail "Shame of Ashenzari" {Cun, Elem} (curse)
rPois   .            d - +1 hat of the Unyielding Gaze {Comp, Fort} (curse)
rElec   +            y - +2 cloak "Overhang to Understand" {Will+, Alch, Comp} (curse)
rCorr   .            R - +2 pair of gloves of Ashenzari's Omission {hurl, Elem, Cun} (curse)
SInv    +            q - +0 pair of boots of the Esoteric Urgency {Melee, Elem} (curse)
Will    ++++.        Z - amulet "Gaze Upon Infinity" {Reflect SH+5, Alch, Evo} (curse)
Stlth   ++           r - ring of the Fated Sorrow {rF+ rN+ Will+ MP-9 Int+3, Fort, Melee} (curse)
HPRegen 1.17/turn    B - ring of Ashenzari's Ordeal {rC+, Self, Elem} (curse)
MPRegen 0.21/turn

%: reflection, clarity, guardian spirit
@: wereblooded, very slightly contaminated, hasted, lightly drained, very quick
A: fangs 3, regeneration 1, magic shield, antimagic bite, no potion heal 2
a: Renounce Religion, Shatter the Chains


You were on level 3 of the Elven Halls.
You worshipped Ashenzari.
Ashenzari was extremely pleased with you.
You visited 8 branches of the dungeon, and saw 31 of its levels.
You also visited: Ossuary, Bailey, Gauntlet and Ice Cave.

You collected 3885 gold pieces.
You spent 1478 gold pieces at shops.

Inventory:

Hand Weapons
 a - the +8 demon whip "Senov" (weapon) {elec, *Noise rElec Str-4 Int+7}
   (You acquired it on level 3 of the Elven Halls)

   Str:       It affects your strength (-4).
   Int:       It affects your intelligence (+7).
   rElec:     It insulates you from electricity.
   *Noise:    It may make noises in combat.
Missiles
 f - 7 throwing nets
 s - a curare-tipped dart
 t - 5 poisoned darts (quivered)
 N - 7 javelins
Armour
 d - the cursed +1 hat of the Unyielding Gaze (worn) {Comp, Fort}
   (You found it on level 3 of the Dungeon)

   It has a curse which improves the following skills: Companions: Summonings
   and Necromancy.
   Fortitude: Armour and Shields.
 p - the cursed +3 chain mail "Shame of Ashenzari" (worn) {Cun, Elem}
   (You took it off a goblin on level 2 of the Dungeon)

   It has a curse which improves the following skills: Cunning: Dodging and
   Stealth.
   Elements:  Fire Magic, Ice Magic, Air Magic and Earth Magic.
 q - the cursed +0 pair of boots of the Esoteric Urgency (worn) {Melee, Elem}
   (You found it on level 2 of the Dungeon)

   It has a curse which improves the following skills: Melee Combat: Short
   Blades, Long Blades, Axes, Maces & Flails, Polearms, Staves and Unarmed
   Combat.
   Elements:  Fire Magic, Ice Magic, Air Magic and Earth Magic.
 y - the cursed +2 cloak "Overhang to Understand" (worn) {Will+, Alch, Comp}
   (You found it in a Gauntlet)

   It has a curse which improves the following skills: Alchemy: Poison Magic and
   Transmutations.
   Companions: Summonings and Necromancy.
 A - the cursed +0 buckler "Shattered Discomfort" (worn) {Alch, Fort}
   (You found it on level 4 of the Dungeon)

   It has a curse which improves the following skills: Alchemy: Poison Magic and
   Transmutations.
   Fortitude: Armour and Shields.
 H - the +3 scale mail of the Lotus Blossom {Rampage rPois rF+}
   (You found it on level 1 of the Elven Halls)

   rF:        It protects you from fire.
   rPois:     It protects you from poison.
   Rampage:   It bestows one free step when moving towards enemies.
 R - the cursed +2 pair of gloves of Ashenzari's Omission (worn) {hurl, Elem, Cun}
   (You bought it in a shop on level 1 of the Depths)

   It has a curse which improves the following skills: Elements: Fire Magic, Ice
   Magic, Air Magic and Earth Magic.
   Cunning:   Dodging and Stealth.
Jewellery
 r - the cursed ring of the Fated Sorrow (left hand) {rF+ rN+ Will+ MP-9 Int+3, Fort, Melee}
   (You found it in a Gauntlet)

   [ring of willpower]

   Int:       It affects your intelligence (+3).
   rF:        It protects you from fire.
   rN:        It protects you from negative energy.
   MP:        It affects your magic capacity (-9).
   Will:      It increases your willpower.
   It has a curse which improves the following skills: Fortitude: Armour and
   Shields.
   Melee Combat: Short Blades, Long Blades, Axes, Maces & Flails, Polearms,
   Staves and Unarmed Combat.
 B - the cursed ring of Ashenzari's Ordeal (right hand) {rC+, Self, Elem}
   (You bought it in a shop on level 4 of the Dungeon)

   [ring of protection from cold]

   rC:        It protects you from cold.
   It has a curse which improves the following skills: Introspection: Fighting
   and Spellcasting.
   Elements:  Fire Magic, Ice Magic, Air Magic and Earth Magic.
 T - the ring of Jutof {rF+ Dex+5}
   (You took it off a spriggan berserker on level 2 of the Depths)

   [ring of protection from fire]

   Dex:       It affects your dexterity (+5).
   rF:        It protects you from fire.
 Z - the cursed amulet "Gaze Upon Infinity" (around neck) {Reflect SH+5, Alch, Evo}
   (You found it on level 9 of the Dungeon)

   [amulet of reflection]

   It reflects blocked missile attacks.
   SH:        It affects your SH (+5).
   It has a curse which improves the following skills: Alchemy: Poison Magic and
   Transmutations.
   Evocations: Evocations.
Wands
 g - a wand of digging (16)
 i - a wand of polymorph (11)
 k - a wand of charming (17)
 m - a wand of quicksilver (6)
 w - a wand of roots (5)
 x - a wand of flame (12)
 Q - a wand of mindburst (11)
Scrolls
 c - 4 scrolls of fog
 j - 5 scrolls of brand weapon
 o - a scroll of blinking
 u - 8 scrolls of poison
 E - 5 scrolls of revelation
 I - 7 scrolls of vulnerability
 J - 3 scrolls of amnesia
 M - 6 scrolls of teleportation
 S - 3 scrolls of butterflies
 W - 2 scrolls of silence
 X - 3 scrolls of enchant weapon
 Y - 4 scrolls of fear
Potions
 b - 2 potions of invisibility
 l - 2 potions of lignification
 v - 4 potions of enlightenment
 z - 5 potions of brilliance
 F - 4 potions of ambrosia
 K - 4 potions of cancellation
 L - 4 potions of mutation
 O - 6 potions of curing
 P - 3 potions of might
Miscellaneous
 e - a piece from Xom's chessboard (15/15)
 n - a lightning rod (2/4)
 C - a phial of floods
 D - a phantom mirror
 G - a condenser vane (inert)
 V - a sack of spiders


   Skills:
 - Level 15.6(17.6) Fighting
 - Level 3.9(6.8) Short Blades
 - Level 9.9(13.0) Maces & Flails
 - Level 1.5 Throwing
 - Level 15.6(19.7) Armour
 - Level 2.5(5.0) Dodging
 - Level 6.2(9.4) Stealth
 - Level 5.0(9.0) Shields
 + Level 11.9(14.0) Spellcasting
 - Level 10.0 Conjurations
 - Level 5.0 Hexes
 - Level 3.1(5.8) Summonings
 + Level 4.8 Translocations
 - Level 13.2(17.3) Transmutations
 - Level 3.7(8.0) Air Magic
 - Level 7.7(10.0) Evocations


You had 30 spell levels left.
You knew the following spells:

 Your Spells              Type           Power      Damage    Failure   Level
a - Wereblood             Tmut           79%        N/A       1%          2
b - Irradiate             Conj/Tmut      35%        3d23      1%          5
c - Yara's Violent Unrav  Hex/Tmut       31%        3d13      6%          5
d - Vhi's Electric Charg  Tloc/Air       94%        N/A       4%          3

Your spell library contained the following spells:

 Spells                   Type           Power      Damage    Failure   Level
 Magic Dart               Conj           100%       1d8       1%          1
 Shock                    Conj/Air       100%       1d9       1%          1
 Summon Small Mammal      Summ           100%       N/A       1%          1
 Passwall                 Tmut/Erth      47%        N/A       1%          2
 Static Discharge         Conj/Air       100%       2-7/arc   1%          2
 Blade Hands              Tmut           39%        N/A       1%          5
 Apportation              Tloc           80%        N/A       2%          1
 Kiss of Death            Conj/Necr      100%       2d13      2%          1
 Call Imp                 Summ           88%        N/A       2%          2
 Swiftness                Air            53%        N/A       2%          3
 Lesser Beckoning         Tloc           80%        N/A       4%          2
 Ignite Poison            Fire/Tmut/Pois 46%        N/A       4%          3
 Mephitic Cloud           Conj/Pois/Air  46%        N/A       4%          3
 Petrify                  Tmut/Erth      57%        N/A       4%          4
 Call Canine Familiar     Summ           44%        N/A       5%          3
 Hailstorm                Conj/Ice       42%        3d10      7%          3
 Stone Arrow              Conj/Erth      84%        3d12      7%          3
 Summon Guardian Golem    Hex/Summ       42%        N/A       7%          3
 Confusing Touch          Hex            40%        N/A       8%          3
 Tukima's Dance           Hex            40%        N/A       8%          3
 Airstrike                Air            26%        2d(4-20)  8%          4
 Cigotuvi's Dreadful Rot  Necr/Pois/Air  62%        N/A       9%          2
 Gell's Gravitas          Tloc           40%        N/A       9%          3
 Portal Projectile        Hex/Tloc       80%        N/A       9%          3
 Teleport Other           Tloc           40%        N/A       9%          3
 Fulminant Prism          Conj/Hex       26%        3d14      10%         4
 Iskenderun's Mystic Bla  Conj/Tloc      51%        2d11      10%         4
 Arcjolt                  Conj/Air       28%        1d38      14%         5
 Dragon Form              Tmut           39%        N/A       14%         7
 Freeze                   Ice            80%        1d9       16%         1
 Sandblast                Erth           40%        2d10      16%         1
 Necrotise                Necr           72%        1d7       17%         1
 Inner Flame              Hex/Fire       30%        N/A       19%         3
 Volatile Blastmotes      Fire/Tloc      60%        2d15      21%         3
 Sticky Flame             Conj/Fire      42%        2d6       22%         4
 Sublimation of Blood     Necr           18%        N/A       26%         2
 Passage of Golubria      Tloc           40%        N/A       28%         4
 Frozen Ramparts          Ice            40%        1d7       41%         3
 Ozocubu's Armour         Ice            20%        N/A       41%         3
 Freezing Cloud           Conj/Ice/Air   23%        6-21      41%         5
 Fireball                 Conj/Fire      21%        3d10      54%         5
 Anguish                  Hex/Necr       14%        N/A       56%         4
 Conjure Ball Lightning   Conj/Air       28%        3x3d8     61%         6
 Animate Dead             Necr           18%        N/A       86%         4
 Dispel Undead            Necr           18%        3d11      86%         4
 Metabolic Englaciation   Hex/Ice        15%        N/A       87%         5
 Orb of Destruction       Conj           30%        9d10      96%         7
 Starburst                Conj/Fire      21%        6d7       98%         6
 Lee's Rapid Deconstruct  Erth           10%        3d8*      99%         5
 Dispersal                Tloc           20%        N/A       99%         6
 Simulacrum               Ice/Necr       9%         N/A       100%        6
 Haunt                    Necr/Summ      15%        N/A       100%        7
 Spellforged Servitor     Conj/Summ      26%        N/A       100%        7
 Infestation              Necr           9%         N/A       100%        8


Dungeon Overview and Level Annotations

Branches:
Dungeon (15/15)            Temple (1/1) D:5            Lair (5/5) D:10
  Swamp (1/4) Lair:3       Spider (1/4) Lair:2        Slime (0/5) Lair:4
    Orc (2/2) D:12            Elf (3/3) Orc:2        Vaults (0/5) D:14
 Depths (3/4) D:15        Ossuary (visited)          Bailey (visited)
  IceCv (visited)         Gauntlet (visited)

Altars:
Ashenzari
Cheibriados
Elyvilon
Fedhas
Okawaru
Ru
Trog
Uskayaw
Xom
Zin
The Shining One
Jiyva

Shops:
D:4 =   D:5 :   D:12 *(   D:13 ((   Orc:2 !(*=   Elf:3 ![[   Depths:1 *

Portals:
Hell: Depths:1 Depths:2
Pandemonium: Orc:2
Ziggurat: Depths:2
Trove: D:10 (give +4 storm dragon scales)

Annotations:
Elf:2 6 runed translucent doors, Shym's ghost, adept TeAE; bmj180's ghost, adept MfIE
Elf:3 1 runed translucent door, Esmu's ghost, adept MiFi
Depths:2 the Enchantress


Innate Abilities, Weirdness & Mutations

You have razor-sharp teeth.
Your natural rate of healing is unusually fast.
When hurt, damage is shared between your health and your magic reserves.
Your bite disrupts and absorbs the magic of your enemies.
Potions cannot restore your health.


Message History

The deep elf zephyrmancer casts a spell.
The deep elf zephyrmancer blinks!
The deep elf death mage beckons forth a restless soul!
The deep elf archer hits you but does no damage.
Casting: Yara's Violent Unravelling (dangerous; 6% risk of failure)
Confirm with . or Enter, or press ? or * to list all spells.
You erupt in a fountain of uncontrolled magic!
The deep elf archer is blasted with magical radiation!
The deep elf archer is almost dead.
The deep elf archer twists and deforms.
The deep elf sorcerer is blasted with magical radiation!!!
The deep elf sorcerer is no longer moving quickly.
The deep elf sorcerer looks more healthy.
The lost soul assumes the form of the deep elf sorcerer and becomes anchored to this world!
The ghostly deep elf knight is blasted with magical radiation!!
You feel a bit better.
You destroy the ghostly deep elf knight!
You are very lightly contaminated with residual magic.
You block the ghostly deep elf sorcerer's attack.
The deep elf sorcerer mumbles some strange words.
The deep elf sorcerer seems to speed up.
The deep elf death mage gestures at you while chanting.
The bolt of negative energy hits you! You partially resist.
You feel drained.
* * * LOW HITPOINT WARNING * * *
A deep elf sorcerer comes into view. It is wielding a +1 dagger of flaming.
The deep elf archer is engulfed in a thunderstorm.
You feel a bit better.
You kill the deep elf archer!
A deep elf elementalist comes into view.
It is wielding a +0 rapier.
The deep elf elementalist shouts!
The ghostly deep elf sorcerer hits you but does no damage.
The deep elf elementalist casts a spell at you.
Some walls begin to move on their own!
Blink to where?
Press: ? - help, Dir - move target, p - deep elf sorcerer
As you read the scroll of blinking, it crumbles to dust.
You feel yourself speed up.
The ghostly deep elf sorcerer points at you and mumbles some strange words.
The bolt of acid hits you!!
You die...

,{,...*##ee##'**
*,, ∆* *
,,....#.e{.#∆∆∆∆,,
,,, *
....)..).#∆∆∆∆∆,,
* * **
#..e.).§#{∆∆∆ ***
#######e# ****
###.E.# #..E.##
#.#### #@# #.# #.#
# #)# # #.# #
######.# #
##..(...## #
##........## ##
#..........## ##.


You could see a ghostly deep elf sorcerer (empowered).

Vanquished Creatures
  A golden dragon (Depths:2)
  2 liches
  A walking frostbound tome (Depths:2)
  A sphinx (Depths:2)
  Gastronok (D:12)
  Kirke (D:13)
  4 fire giants
  A frost giant (Depths:1)
  4 deep elf sorcerers (Elf:3)
  The ghost of KimchiStew the Carver, a journeyman DsVM of Dithmenos (Orc:2)
  A deep elf elementalist (Elf:3)
  8 very ugly things
  A broodmother (Lair:2)
  A vampire knight (Depths:2)
  5 deep elf demonologists (Elf:3)
  10 stone giants
  A deep elf annihilator (Elf:3)
  6 spark wasps
  A minotaur (Gauntlet)
  An ettin (Depths:2)
  2 deep elf death magi (Elf:3)
  3 deep elf high priests (Elf:3)
  4 fire dragons
  A great orb of eyes (Gauntlet)
  An ice dragon (D:15)
  3 rakshasas
  3 hydras
  2 spriggan air magi
  2 ogre magi (D:14)
  Erica (Orc:1)
  2 boulder beetles (D:15)
  A demonspawn (Orc:2)
  3 catoblepae (Lair:5)
  7 tengu warriors
  4 centaur warriors
  8 two-headed ogres
  An alligator (Lair:3)
  21 dancing weapons
  8 deep troll earth magi
  9 death yaks (Lair:5)
  8 deep troll shamans
  A spriggan (Lair:3)
  7 orc high priests (Orc:2)
  A spriggan berserker (Depths:2)
  9 deep elf knights
  3 skysharks
  A goliath frog (Swamp:1)
  A fire crab (Lair:5)
  A large abomination (Gauntlet)
  8 iron trolls
  3 skeletal warriors (D:15)
  A spriggan druid (Lair:3)
  A flayed ghost (Depths:1)
  An obsidian statue (D:14)
  11 deep elf archers
  13 deep trolls
  3 wizards
  A swamp dragon (Lair:3)
  Pikel (D:3)
  19 deep elf pyromancers
  19 deep elf zephyrmancers
  5 orc knights
  5 cyclopes
  19 ugly things
  5 elephants (Lair:4)
  4 orc sorcerers (Orc:2)
  A wolf spider (Lair:2)
  A necromancer (D:15)
  4 manticores
  10 black mambas
  3 ice statues (IceCv)
  A smoke demon (D:14)
  15 cane toads
  A spriggan zombie (Depths:1)
  An eye of devastation (Lair:4)
  Maggie (D:10)
  4 unseen horrors
  2 orange demons
  9 komodo dragons
  A freezing wraith (D:14)
  A rime drake (Lair:2)
  An efreet (D:14)
  An anaconda simulacrum (IceCv)
  An ice devil (D:14)
  A komodo dragon (shapeshifter) (D:13)
  A queen bee (shapeshifter) (D:15)
  A tengu conjurer (Depths:2)
  A red devil (D:14)
  A spriggan skeleton (Depths:1)
  A tyrant leech (Swamp:1)
  A hornet (Lair:3)
  7 trolls
  2 polar bears
  5 dream sheep (Lair:5)
  3 small abominations (Gauntlet)
  A tarantella (Lair:2)
  8 blink frogs
  A frost giant simulacrum (Depths:1)
  A jumping spider (Lair:2)
  9 slime creatures
  2 air elementals (Elf:3)
  2 shadows
  A dire elephant simulacrum (IceCv)
  A water elemental (Elf:3)
  44 yaks
  2 fire bats (Depths:2)
  2 wyverns
  2 wraiths (D:12)
  2 vampires
  A basilisk (Lair:2)
  Eustachio (D:5)
  A fire elemental (Elf:3)
  6 hogs (D:12)
  A death yak simulacrum (IceCv)
  A redback (Lair:2)
  4 vampire mosquitoes
  4 chaos spawn
  4 steam dragons
  A harpy simulacrum (IceCv)
  3 wargs
  Edmund (D:6)
  3 swamp worms (Swamp:1)
  An acid dragon (D:14)
  19 water moccasins
  3 floating eyes
  A hornet zombie (D:6)
  2 black bears
  33 orc warriors
  An ice beast (D:7)
  7 boggarts
  15 ogres
  24 wolves
  2 lemures
  The ghost of Xoff the Conjurer, an amateur GnCj (D:3)
  12 centaurs
  3 phantoms
  A kobold brigand (D:10)
  10 gnoll sergeants
  14 bullfrogs
  2 wyvern zombies (D:6)
  2 earth elementals
  7 scorpions (Ossuary)
  A cane toad simulacrum (IceCv)
  8 wights
  6 killer bees
  An oklob sapling (D:5)
  2 elephant simulacra (IceCv)
  A vampire bat (Lair:5)
  6 howler monkeys
  2 electric eels (D:12)
  3 crimson imps (D:14)
  3 centaur zombies
  3 hounds
  2 quasits (D:14)
  2 jellies
  A human zombie (Ossuary)
  35 orc priests
  3 bullfrog skeletons (D:6)
  7 gnoll boudas
  A centaur skeleton (D:6)
  9 iguanas
  17 orc wizards
  10 hell rats
  2 polar bear simulacra (IceCv)
  2 scorpion zombies (Ossuary)
  3 mummies (Ossuary)
  23 gnolls
  2 howler monkey skeletons (D:6)
  13 adders
  2 river rats (Lair:1)
  A shadow imp (D:14)
  8 white imps
  5 ufetubi
  2 worms
  5 dart slugs
  85 orcs
  12 bats
  6 endoplasms
  4 giant cockroaches
  2 gnoll zombies (Ossuary)
  9 goblins
  7 hobgoblins
  5 jackals
  6 quokkas
  7 ball pythons
  4 frilled lizards
  3 goblin zombies (Ossuary)
  5 hobgoblin zombies (Ossuary)
  11 kobolds
  A kobold zombie (Ossuary)
  8 rats
1006 creatures vanquished.

Vanquished Creatures (collateral kills)
  Harold (Lair:1)
  A water moccasin (Lair:3)
  An iguana (Lair:3)
3 creatures vanquished.

Vanquished Creatures (others)
  A dancing weapon (Elf:2)
  2 killer bees (D:7)
  A bat (Lair:5)
4 creatures vanquished.

Grand Total: 1013 creatures vanquished

Notes
Turn   | Place    | Note
-------+----------+-------------------------------------------
     0 | D:5      | jt the Vine Stalker Delver began the quest for the Orb.
     0 | D:5      | Reached XP level 1. HP: 11/11 MP: 2/2
    29 | D:5      | Noticed an iguana
    56 | D:4      | Found Yhaseno's Jewellery Boutique.
    79 | D:4      | Noticed a lemure
   192 | D:4      | Noticed a lemure
   300 | D:3      | Reached XP level 2. HP: 16/16 MP: 3/3
   407 | D:2      | Reached XP level 3. HP: 20/20 MP: 2/4
   495 | D:2      | Gained mutation: Your natural rate of healing is unusually
                  | fast. [Vine Stalker growth]
   495 | D:2      | Reached XP level 4. HP: 19/25 MP: 5/5
  1036 | D:1      | Got Woisib's Tome of Transportation
  1089 | D:1      | Reached skill level 1 in Spellcasting
  1290 | D:1      | Reached XP level 5. HP: 30/30 MP: 7/7
  1665 | D:2      | Reached skill level 1 in Armour
  1864 | D:3      | Found a transporter.
  1864 | D:3      | Found a transporter.
  2003 | D:3      | Identified the +3 orcbow of the Puffin {drain, Dex+3}
  2030 | D:3      | Found a broken altar of Ashenzari.
  2162 | D:3      | Became a worshipper of Ashenzari the Shackled
  2260 | D:3      | Reached XP level 6. HP: 27/35 MP: 6/10
  2334 | D:3      | Reached skill level 5 in Fighting
  2407 | D:3      | Noticed Xoff's ghost (amateur GnCj)
  2930 | D:4      | Noticed Pikel
  3303 | D:3      | Killed Pikel
  3304 | D:3      | Reached XP level 7. HP: 27/41 MP: 8/11
  3732 | D:5      | Gained mutation: You have razor-sharp teeth. [Vine Stalker
                  | growth]
  3732 | D:5      | Reached XP level 8. HP: 41/45 MP: 10/12
  3736 | D:5      | Noticed Eustachio
  3761 | D:5      | Killed Eustachio
  4062 | D:5      | Reached * piety under Ashenzari
  4261 | D:5      | Found Nebbiob's Book Emporium.
  4271 | D:5      | Found a snail-covered altar of Cheibriados.
  4349 | D:5      | Reached ** piety under Ashenzari
  4380 | D:5      | Reached skill level 5 in Armour
  4386 | D:5      | Found a staircase to the Ecumenical Temple.
  4544 | D:6      | Reached XP level 9. HP: 32/51 MP: 7/13
  4632 | D:6      | Noticed Edmund
  4649 | D:6      | Killed Edmund
  4731 | D:6      | Reached skill level 1 in Maces & Flails
  5202 | D:6      | Found a sacrificial altar of Ru.
  5264 | D:7      | Found a sand-covered staircase.
  5274 | Ossuary  | Entered an ossuary
  5336 | Ossuary  | Reached *** piety under Ashenzari
  5607 | D:7      | Found a glowing silver altar of Zin.
  5607 | D:7      | Found a white marble altar of Elyvilon.
  5612 | D:7      | Found a glowing golden altar of the Shining One.
  5644 | D:7      | Found a hide-covered altar of Uskayaw.
  5659 | D:7      | Reached skill level 10 in Fighting
  5676 | D:7      | Reached XP level 10. HP: 57/60 MP: 11/14
  5731 | D:7      | Found a bloodstained altar of Trog.
  6043 | D:7      | Reached **** piety under Ashenzari
  6441 | D:8      | Reached skill level 1 in Shields
  6726 | D:8      | Found a blossoming altar of Fedhas.
  7322 | D:9      | Found a shimmering altar of Xom.
  7324 | D:9      | Found a shimmering altar of Xom.
  7324 | D:9      | Found a shimmering altar of Xom.
  7325 | D:9      | Found a shimmering altar of Xom.
  7326 | D:9      | Found a shimmering altar of Xom.
  7357 | D:9      | Reached skill level 1 in Evocations
  7500 | D:9      | Reached ***** piety under Ashenzari
  8033 | D:10     | Entered Level 10 of the Dungeon
  8048 | D:10     | Found an iron altar of Okawaru.
  8063 | D:10     | Found a flagged portal.
  8072 | D:10     | Reached skill level 5 in Shields
  8090 | Bailey   | Entered a bailey
  8229 | Bailey   | Reached XP level 11. HP: 50/69 MP: 18/20
  8300 | Bailey   | Reached skill level 5 in Maces & Flails
  8920 | D:10     | Found a portal to a secret trove of treasure.
  9044 | D:10     | Found a staircase to the Lair.
  9152 | D:10     | Noticed Maggie
  9163 | D:10     | Killed Maggie
  9746 | D:4      | Bought a ring of protection from cold for 250 gold pieces
  9787 | Temple   | Entered the Ecumenical Temple
 10256 | D:11     | Noticed a two-headed ogre
 10264 | D:11     | Killed a two-headed ogre
 10593 | D:12     | Noticed a cyclops
 10608 | D:12     | Noticed Gastronok
 10611 | D:12     | Killed a cyclops
 10625 | D:12     | Killed Gastronok
 10689 | D:12     | Found a glowing golden altar of the Shining One.
 10710 | D:12     | Noticed a manticore
 10720 | D:12     | Killed a manticore
 10721 | D:12     | Reached skill level 5 in Evocations
 10857 | D:13     | Found Motys's Weapon Boutique.
 10864 | D:13     | Found a frozen archway.
 10865 | D:13     | Found Ossah's Antique Weapon Shoppe.
 10886 | IceCv    | Entered an ice cave
 10896 | IceCv    | Reached XP level 12. HP: 50/74 MP: 13/21
 11099 | IceCv    | Identified the Folio of Roasted Mud
 11181 | D:13     | Noticed a four-headed hydra
 11189 | D:13     | Killed a four-headed hydra
 11389 | Lair:1   | Entered Level 1 of the Lair of Beasts
 11451 | Lair:1   | Reached skill level 5 in Spellcasting
 11721 | Lair:1   | Noticed Harold
 11729 | Lair:1   | Killed Harold
 12713 | Lair:2   | Found a hole to the Spider Nest.
 12809 | Lair:2   | Reached XP level 13. HP: 80/80 MP: 27/27
 13323 | Lair:3   | Reached skill level 1 in Summonings
 13891 | Lair:3   | Found a staircase to the Swamp.
 13929 | Lair:3   | Identified the cursed +1 cloak "Share My Sybil" {Cun,
                  | Range} (You found it on level 5 of the Dungeon)
 13929 | Lair:3   | Identified the cursed +1 hat of the Unyielding Gaze {Comp,
                  | Fort} (You found it on level 3 of the Dungeon)
 13929 | Lair:3   | Identified the cursed +0 pair of boots of the Esoteric
                  | Urgency {Melee, Elem} (You found it on level 2 of the
                  | Dungeon)
 13929 | Lair:3   | Identified the cursed +3 chain mail "Shame of Ashenzari"
                  | {Cun, Elem} (You took it off a goblin on level 2 of the
                  | Dungeon)
 14387 | Lair:4   | Found a viscous altar of Jiyva.
 14390 | Lair:4   | Found a staircase to the Slime Pits.
 14392 | Lair:4   | Paralysed by a floating eye for 3 turns
 15331 | Lair:5   | Entered Level 5 of the Lair of Beasts
 15436 | Lair:5   | Reached XP level 14. HP: 88/88 MP: 31/31
 15556 | Lair:5   | Reached skill level 10 in Spellcasting
 16403 | Lair:5   | Reached skill level 1 in Conjurations
 16651 | Lair:5   | Identified the +2 cloak "Afahoaf" {*Slow rC+ rN+ SInv}
 16978 | Lair:5   | Identified the Textbook on the Wyrd and Flesh
 17118 | Lair:5   | Learned a level 2 spell: Wereblood
 17460 | D:12     | Reached skill level 1 in Transmutations
 17477 | D:12     | Found Iffeqoit's Weapon Boutique.
 17614 | D:12     | Found Jaucaeshel's Assorted Antiques.
 17619 | D:12     | Bought an iron wand for 116 gold pieces
 17619 | D:12     | Bought a wand of polymorph (7) for 284 gold pieces
 17785 | D:12     | Found a staircase to the Orcish Mines.
 17816 | Orc:1    | Entered Level 1 of the Orcish Mines
 18099 | Orc:1    | Noticed Erica
 18111 | Orc:1    | Killed Erica
 18166 | Orc:1    | Reached skill level 15 in Fighting
 18204 | Orc:2    | Entered Level 2 of the Orcish Mines
 18204 | Orc:2    | Found a staircase to the Elven Halls.
 18273 | Orc:2    | Found a gate leading to a gauntlet.
 18322 | Gauntlet | Entered a Gauntlet
 18322 | Gauntlet | Found a transporter.
 18322 | Gauntlet | Found a transporter.
 18324 | Gauntlet | Found a transporter.
 18325 | Gauntlet | Found a transporter.
 18330 | Gauntlet | Found a transporter.
 18365 | Gauntlet | Identified the amulet "Runyaq" {RegenMP Str+3}
 18368 | Gauntlet | Found a transporter.
 18368 | Gauntlet | Found a transporter.
 18370 | Gauntlet | Found a transporter.
 18381 | Gauntlet | Identified the ring of Kem Leti {rF+ rN+ Will+ MP-9 Int+3}
 18382 | Gauntlet | Found a transporter.
 18399 | Gauntlet | Found a transporter.
 18407 | Gauntlet | Found a runed translucent door.
 18409 | Gauntlet | Found a transporter.
 18411 | Gauntlet | Found a runed translucent door.
 18423 | Gauntlet | Found a transporter.
 18445 | Gauntlet | Found a transporter.
 18457 | Gauntlet | Found a transporter.
 18572 | Gauntlet | Reached XP level 15. HP: 78/95 MP: 31/34
 18655 | Gauntlet | Identified the +1 robe "Gunariag" {rPois rN+ rCorr Int-4}
 18655 | Gauntlet | Identified the Annotations on Fateful Wounds
 18976 | Orc:2    | Found Wamuott's Distillery.
 18980 | Orc:2    | Found Ovoag's General Store.
 18987 | Orc:2    | Bought a potion of haste for 120 gold pieces
 18987 | Orc:2    | Bought a potion of curing for 36 gold pieces
 18987 | Orc:2    | Bought a potion of cancellation for 96 gold pieces
 19142 | Orc:2    | Found a large runed translucent door.
 19143 | Orc:2    | Found a large runed translucent door.
 19144 | Orc:2    | Noticed KimchiStew's ghost (journeyman DsVM)
 19145 | Orc:2    | Identified the +8 trident of the Ancient Suns {freeze, SInv
                  | Stlth+}
 19467 | Orc:2    | Reached skill level 5 in Transmutations
 19897 | Orc:2    | Found Waafau's Jewellery Shoppe.
 19897 | Orc:2    | Found Xihaw's Antique Weapon Emporium.
 19897 | Orc:2    | Found a one-way gate leading to the halls of Pandemonium.
 19990 | Orc:2    | Killed KimchiStew's ghost
 20412 | D:3      | Killed Xoff's ghost
 20739 | Swamp:1  | Entered Level 1 of the Swamp
 21018 | Spider:1 | Entered Level 1 of the Spider Nest
 21206 | D:13     | Noticed Kirke
 21244 | D:13     | Killed Kirke
 21819 | D:14     | Identified the amulet "Atokhlotze" {Faith rCorr Str+2}
 22303 | D:14     | Reached XP level 16. HP: 100/100 MP: 25/34
 22365 | D:14     | Found a gate to the Vaults.
 22398 | D:14     | Reached skill level 10 in Transmutations
 22407 | D:14     | Reached skill level 10 in Armour
 22706 | D:14     | Noticed a storm dragon
 22831 | D:15     | Entered Level 15 of the Dungeon
 23043 | Elf:1    | Entered Level 1 of the Elven Halls
 23717 | Elf:2    | Found a runed translucent gate.
 23717 | Elf:2    | Found a runed translucent gate.
 23717 | Elf:2    | Found a runed translucent gate.
 23724 | Elf:2    | Learned a level 5 spell: Irradiate
 23899 | Elf:2    | Found a runed translucent gate.
 23899 | Elf:2    | Found a runed translucent gate.
 23899 | Elf:2    | Found a runed translucent gate.
 23899 | Elf:2    | Noticed bmj180's ghost (adept MfIE)
 23899 | Elf:2    | Noticed Shym's ghost (adept TeAE)
 24171 | Elf:2    | Reached skill level 1 in Throwing
 24311 | Elf:3    | Entered Level 3 of the Elven Halls
 24430 | Elf:3    | Identified the ring of the Unkillable {Fire rPois Will+
                  | Dex+4}
 24460 | Elf:3    | HP: 1/100 [deep elf zephyrmancer/bolt of lightning (23)]
 24573 | Elf:3    | Found a runed translucent door.
 24573 | Elf:3    | Noticed Esmu's ghost (adept MiFi)
 24694 | Elf:3    | Found Gisan's Armour Shop.
 24694 | Elf:3    | Found Heptig's Antique Armour Boutique.
 24708 | Elf:3    | Found Mept's Distillery.
 24719 | Elf:3    | Bought a potion of magic for 120 gold pieces
 24727 | Elf:3    | Bought 2 potions of might for 120 gold pieces
 24884 | Elf:1    | Identified the +3 scale mail of the Lotus Blossom {Rampage
                  | rPois rF+}
 25034 | Elf:1    | Reached skill level 5 in Conjurations
 25675 | D:15     | Found a staircase to the Depths.
 26278 | D:15     | Reached XP level 17. HP: 104/104 MP: 24/35
 26725 | Depths:1 | Entered Level 1 of the Depths
 26725 | Depths:1 | Found a gateway to Hell.
 26964 | Depths:1 | Found Liatobb's Assorted Antiques.
 26972 | Depths:1 | Bought a pair of glowing gloves for 300 gold pieces
 26981 | Depths:1 | Bought a viscous sapphire potion for 36 gold pieces
 27645 | Depths:1 | Noticed a lich
 27656 | Depths:1 | Killed a lich
 27693 | Depths:1 | Reached ****** piety under Ashenzari
 27983 | Depths:2 | Noticed a lich
 28046 | Depths:1 | Learned a level 5 spell: Yara's Violent Unravelling
 28140 | Depths:2 | Reached skill level 1 in Hexes
 28519 | Depths:3 | Noticed a golden dragon
 29495 | Depths:1 | Reached XP level 18. HP: 89/109 MP: 19/36
 29512 | Depths:2 | Reached skill level 15 in Armour
 29570 | Depths:2 | Found a one-way gateway to a ziggurat.
 29752 | Depths:2 | Noticed a lich
 29756 | Depths:2 | Reached skill level 5 in Hexes
 29772 | Depths:2 | Killed a lich
 29832 | Depths:2 | Identified the ring of Jutof {rF+ Dex+5}
 29852 | Depths:2 | Reached skill level 10 in Conjurations
 29946 | Depths:2 | Noticed a walking frostbound tome
 29955 | Depths:2 | Killed a walking frostbound tome
 29967 | Depths:2 | Noticed a golden dragon
 29988 | Depths:2 | Killed a golden dragon
 30002 | Depths:2 | Identified Sif Muna's Octavo of Fog and the Blink Frog
 30011 | Depths:2 | Learned a level 3 spell: Vhi's Electric Charge
 30166 | Depths:2 | Noticed the Enchantress
 30474 | Elf:3    | Reached skill level 1 in Translocations
 30474 | Elf:3    | Reached skill level 1 in Air Magic
 30508 | Elf:3    | Identified a scroll of acquirement
 30526 | Elf:3    | Acquired the +8 demon whip "Senov" {elec, *Noise rElec
                  | Str-4 Int+7}
 31004 | Elf:3    | Noticed a Tzitzimitl
 31356 | Elf:3    | Noticed a Tzitzimitl
 31360 | Elf:3    | HP: 4/105 [deep elf death mage/bolt of negative energy
                  | (17)]
 31365 | Elf:3    | Killed from afar by a ghostly deep elf sorcerer

Illustrated notes

Levels and vault maps discovered:
D:1:      eino_arrival_druids_welcome, layout_basic
D:2:      layout_basic, kennysheep_generic_room_6
D:3:      wad_woods_stonehenge, layout_basic, gammafunk_ghost_gnarly_gnolls,
          minivault_19
D:4:      layout_gridville, serial_shops, kennysheep_little_box, uniq_pikel
D:5:      layout_cave_pods, mainiacjoe_overflow_tiny_flanked,
          minmay_temple_entry_oklob, serial_shops, nicolae_book_shop_shelving,
          serial_park, serial_park_paths [serial_park_minivault_5x5_7],
          serial_park_tiny_2, serial_park_square1 [serial_park_minivault_5x5_8],
          serial_park_square3 [serial_park_minivault_5x5_7], uniq_eustachio
D:6:      layout_loops_ring, nicolae_ru_the_path_less_chosen, serial_undead,
          serial_undead_d, serial_undead_c, serial_undead_a, serial_undead_c,
          nicolae_figureground_sparkle, uniq_edmund
D:7:      layout_basic, dreamdust_divine_triumvirate, trog_hazing_becter,
          nicolae_uskayaw_dance_hall, nicolae_ossuary_entry_plus
D:8:      layout_basic, fedhas_altar_3
D:9:      layout_cave_pools, xom_redecorated, hex_large,
          ebering_dispersal_statue_hall, nicolae_concentric_dashed_squares_mild
D:10:     layout_loops_corners, kennysheep_mini_moat, lair_entry_dummy,
          enter_trove_6, enter_bailey_6, uniq_maggie
D:11:     layout_rooms
D:12:     layout_rooms, erik_orc_2, serial_shops, nicolae_shop_hallway_plus,
          nicolae_shop_trees, tso_metal_star, uniq_gastronok
D:13:     layout_irregular_city, serial_shops, shop, shop,
          portal_ice_cave_entry_pillars_1, serial_park_tiny_2,
          kennysheep_generic_room_4, uniq_kirke
D:14:     layout_small_grid, hangedman_vaults_entry_quadrant_bands,
          kennysheep_another_room, minivault_25_ag, hangedman_devilish_allure
D:15:     grunt_enter_depths_hoard, layout_gridville
Temple:   hellmonk_temple_forest_ring
Lair:1:   layout_loops_ring, kennysheep_abandoned_house, uniq_harold
Lair:2:   layout_cave_pods, spider_nest_entry_a, minivault_26
Lair:3:   layout_regular_city, minmay_swamp_entry_reptiles
Lair:4:   layout_gridlike, minmay_slime_entry_eyes
Lair:5:   evilmike_catoblepas_cave, layout_concentric_octagons,
          chequers_serial_rivers_micro_a, roderic_batcave,
          chequers_serial_rivers_room_b
Swamp:1:  layout_basic_swamp, evilmike_swamp_ruin_house_6
Spider:1: nicolae_spider_hilbert_zone_5 [nicolae_spider_hilbert_3_sides_1_open,
          nicolae_spider_hilbert_4_sides_1_open,
          nicolae_spider_hilbert_4_sides_1_open,
          nicolae_spider_hilbert_6_sides_1_open,
          nicolae_spider_hilbert_6_sides_1_open], uniq_josephine
Orc:1:    layout_caves, uniq_erica
Orc:2:    pf_orc_diabolical, layout_caves, gauntlet_entry_generic,
          ebering_ghost_disaster_area
Elf:1:    eino_elf_arrival_shootout, layout_loops_ring,
          hangedman_elven_crosses_minicolossus
Elf:2:    nicolae_elf_blades_crystal_corner, layout_loops_ring,
          gammafunk_ghost_cemetery, minmay_strange_pillars, st_stairs_10
Elf:3:    minmay_elf_hall_curves, layout_gridlike,
          ebering_ghost_reflecting_pool, onia_ninara_cookie, minmay_shop_star
Depths:1: layout_cave_shapes, hell_entry, serial_shops, shop,
          nicolae_twisting_strands, hangedman_corner_corridor
Depths:2: minmay_the_grid_square_5x5_3x3 [minmay_the_grid_square_5x5_comb,
          minmay_the_grid_square_5x5_sharp_hourglass,
          minmay_the_grid_square_5x5_eight, minmay_the_grid_square_5x5_shuriken,
          minmay_the_grid_square_5x5_megaprize_checkered,
          minmay_the_grid_square_5x5_beaten_path, minmay_the_grid_square_5x5_n,
          minmay_the_grid_square_5x5_forky, minmay_the_grid_square_5x5_shrine1],
          layout_honeycomb, enter_ziggurat_c, serial_glass, glass_columns_a,
          glass_columns_c, glass_columns_b, glass_columns_b, hell_entry,
          rand_demon_pan_entry_5, nicolae_lava_and_water, uniq_enchantress,
          uniq_josephina
Depths:3: minmay_curly_fans, layout_gridlike, nicolae_hell_entry_big_baal_hell,
          minmay_room_of_horrors, serial_curves, eino_curves_04, eino_curves_03,
          eino_curves_03, eino_curves_03, nicolae_vehumet_radiance

Skill      XL: |  1  2  3  4  5  6  7  8  9 10 11 12 13 14 15 16 17 18 |
---------------+-------------------------------------------------------+-----
Fighting       | 3 4 6 7 10 11 13 15 | 15.6
Spellcasting   | 1 2 3 6 9 10 11 | 11.9
Armour         | 1 3 4 5 6 9 13 14 15 | 15.6
Short Blades   | 3 |  3.9
Maces & Flails | 2 4 9 |  9.9
Shields        | 5 |  5.0
Evocations     | 3 5 6 7 |  7.7
Dodging        | 2 |  2.5
Summonings     | 3 |  3.1
Conjurations   | 3 5 9 10 | 10.0
Transmutations | 2 9 13 | 13.2
Throwing       | 1 |  1.5
Hexes          | 4 5 |  5.0
Translocations | 4 |  4.8
Air Magic      | 3 |  3.7
Stealth        | |  6.2

Action                     |  1- 3 |  4- 6 |  7- 9 | 10-12 | 13-15 | 16-18 || total
---------------------------+-------+-------+-------+-------+-------+-------++-------
  Melee: Mace              |    53 |   143 |       |       |       |       ||   196
         Bite              |    15 |    60 |   123 |   238 |   587 |   545 ||  1568
         Punch             |     3 |     3 |     9 |     1 |       |       ||    16
         War axe           |       |    50 |    10 |       |       |       ||    60
         Dagger            |       |    35 |   172 |       |       |       ||   207
         Staff             |       |     6 |       |       |       |       ||     6
         Flail             |       |       |   141 |   638 |  1428 |  1088 ||  3295
         Demon whip        |       |       |       |       |       |   135 ||   135
   Fire: Orcbow            |       |     6 |       |       |       |       ||     6
  Throw: Stone             |       |     2 |       |       |       |       ||     2
         Dart              |       |       |     4 |    15 |    18 |    74 ||   111
         Javelin           |       |       |       |       |     1 |     7 ||     8
   Cast: Wereblood         |       |       |       |       |     5 |    40 ||    45
         Irradiate         |       |       |       |       |       |    41 ||    41
         Yara's Violent Un |       |       |       |       |       |     4 ||     4
         Vhi's Electric Ch |       |       |       |       |       |     2 ||     2
 Invoke: Curse Item        |       |     1 |     4 |     5 |     1 |     2 ||    13
         Shatter the Chain |       |       |       |     1 |     1 |     2 ||     4
  Evoke: Wand              |       |       |       |     7 |    15 |    21 ||    43
         Lightning rod     |       |       |       |     6 |     7 |     2 ||    15
         Phantom mirror    |       |       |       |     1 |     1 |     1 ||     3
         Condenser vane    |       |       |       |       |       |     2 ||     2
    Use: Scroll            |     2 |     6 |     5 |     2 |     1 |    10 ||    26
         Potion            |     2 |     1 |       |     3 |     3 |     6 ||    15
   Stab: Sleeping          |     5 |       |       |     4 |     2 |       ||    11
         Distracted        |       |     1 |       |     2 |     1 |       ||     4
         Held in net/web   |       |       |       |     1 |       |       ||     1
 Armour: Leather armour    |    11 |       |       |       |       |       ||    11
         Scale mail        |    29 |     5 |       |       |       |       ||    34
         Chain mail        |       |   184 |   227 |   312 |   539 |   535 ||  1797
         Skin              |       |       |       |       |    15 |       ||    15
  Dodge: Dodged            |    45 |    96 |   194 |   239 |   409 |   344 ||  1327
  Block: Buckler           |       |       |       |   203 |   727 |   580 ||  1510
         Reflection        |       |       |       |     1 |    18 |    41 ||    60

Table legend: (Time is in decaauts)
 A = Elapsed time spent in this place.
 B = Non-inter-level travel time spent in this place.
 C = Inter-level travel time spent in this place.
 D = Time resting spent in this place.
 E = Time spent auto-exploring this place.
 F = Levels seen in this place.
 G = Mean time per level.
                   A        B        C        D        E       F      G
               +--------+--------+--------+--------+--------+-----+--------+
         Total |  30788 |  28109 |   2679 |   2970 |  13076 |  35 |  879.7 |
       Dungeon |  14968 |  13241 |   1727 |    754 |   7676 |  15 |  997.9 |
        Temple |      1 |      1 |      0 |      0 |      0 |   1 |    1.0 |
          Lair |   5990 |   5499 |    491 |    600 |   3222 |   5 | 1198.0 |
         Swamp |    163 |    152 |     11 |     31 |      3 |   1 |  163.0 |
   Spider Nest |     12 |     12 |      0 |      0 |      0 |   1 |   12.0 |
  Orcish Mines |   1997 |   1823 |    174 |    247 |    681 |   2 |  998.5 |
   Elven Halls |   3033 |   2931 |    102 |    473 |    905 |   3 | 1011.0 |
        Depths |   3181 |   3008 |    173 |    764 |    362 |   3 | 1060.3 |
       Ossuary |    337 |    337 |      0 |      0 |     46 |   1 |  337.0 |
        Bailey |    514 |    514 |      0 |     37 |    146 |   1 |  514.0 |
      Ice Cave |    251 |    251 |      0 |     40 |      0 |   1 |  251.0 |
      Gauntlet |    337 |    337 |      0 |     22 |     35 |   1 |  337.0 |
               +--------+--------+--------+--------+--------+-----+--------+

Top non-repeatable levels by time:
  Lair:5: 1789 daAuts
Depths:2: 1630 daAuts
Depths:1: 1489 daAuts
     D:3: 1461 daAuts
   Orc:2: 1382 daAuts
    D:15: 1367 daAuts
  Lair:3: 1200 daAuts
    D:14: 1199 daAuts
    D:10: 1184 daAuts
   Elf:3: 1132 daAuts
     D:5: 1129 daAuts
  Lair:2: 1123 daAuts
     D:8: 1051 daAuts
     D:7: 1024 daAuts
   Elf:1: 1014 daAuts
